 Dungeon Crawl Stone Soup version 0.22-a0-614-g34fbaa0 (webtiles) character file.

29027 jeremie the Cleaver (level 13, -6/86 HPs)
             Began as a Demonspawn Conjurer on July 13, 2018.
             Was an Elder of Cheibriados.
             Mangled by a shambling mangrove (29 damage)
             ... on level 4 of the Lair of Beasts.
             The game lasted 00:53:56 (21993 turns).

jeremie the Cleaver (Demonspawn Conjurer)          Turns: 21993, Time: 00:53:56

Health: -6/86      AC: 22    Str: 23    XL:     13   Next: 12%
Magic:  16/20      EV: 10    Int: 25    God:    Cheibriados [****..]
Gold:   1020       SH:  0    Dex: 27    Spells: 14/16 levels left

rFire    . . .     SeeInvis .   a - +0 battleaxe
rCold    . . .     Gourm    .   (shield currently unavailable)
rNeg     . . .     Faith    +   B - +0 plate armour
rPois    .         Spirit   .   (helmet restricted)
rElec    .         Reflect  .   v - +0 cloak
rCorr    .         Harm     .   u - +0 pair of gloves
MR       +....                  (no boots)
Stlth    ..........             n - amulet of faith
HPRegen  0.24/turn              D - +2 ring of protection
MPRegen  0.17/turn              i - ring of protection from magic

@: grasped by roots, very slightly contaminated, invisible, very slow
A: antennae 1, icy blue scales 2, agile 1, demonic guardian 2, frail 1,
nightstalker 1, strong 1
a: Bend Time, Temporal Distortion, Slouch, Renounce Religion


You were on level 4 of the Lair of Beasts.
You worshipped Cheibriados.
Cheibriados was greatly pleased with you.
You were not hungry.

You visited 3 branches of the dungeon, and saw 15 of its levels.
You also visited: Labyrinth and Ice Cave.

You collected 1020 gold pieces.

Inventory:

Hand Weapons
 a - a +0 battleaxe (weapon)
 b - a +2 whip of electrocution
Missiles
 h - 34 poisoned needles
Armour
 s - a +1 leather armour of magic resistance
 u - a +0 pair of gloves (worn)
 v - a +0 cloak (worn)
 B - a +0 plate armour (worn)
Jewellery
 c - an uncursed amulet of the gourmand {unknown}
 i - a ring of protection from magic (right hand)
 n - an amulet of faith (around neck)
 q - an uncursed amulet of the acrobat
 C - an uncursed ring of protection from magic
 D - a +2 ring of protection (left hand)
 F - an uncursed ring of protection from cold
 G - the ring "Joivan" {Wiz rC+ Int+3}
   (You found it on level 9 of the Dungeon)

   [ring of wizardry]

   It improves your spell success rate.
   It affects your intelligence (+3).
   It protects you from cold.
 M - an uncursed ring of stealth
 T - a +3 amulet of reflection
Wands
 m - a wand of scattershot (8)
 y - a wand of polymorph (24)
 P - a wand of disintegration (13)
 V - a wand of clouds (5)
 W - a wand of paralysis (10)
Scrolls
 g - 2 scrolls of enchant armour
 l - 4 scrolls of remove curse
 o - 2 scrolls of noise {unknown}
 t - 7 scrolls of amnesia
 w - 6 scrolls of teleportation
 x - a scroll of summoning {unknown}
 z - 2 scrolls of random uselessness {unknown}
 E - a scroll of blinking {unknown}
 I - 2 scrolls of fear {unknown}
 J - a scroll of enchant weapon {unknown}
 L - a scroll of acquirement {unknown}
 R - a scroll of silence {unknown}
Potions
 e - 4 potions of curing
 f - 2 potions of magic
 j - a potion of cancellation
 p - 5 potions of lignification
 A - 3 potions of heal wounds
 K - a potion of mutation
 N - 4 potions of flight
 O - a potion of resistance
 Q - a potion of brilliance
Miscellaneous
 H - a crystal ball of energy
 S - a fan of gales (inert)
Comestibles
 d - 20 rations


   Skills:
 - Level 7.4 Fighting
 * Level 11.7 Axes
 - Level 9.6 Armour
 - Level 9.4 Dodging
 - Level 4.7 Stealth
 - Level 2.0 Spellcasting
 - Level 4.0 Conjurations
 - Level 10.0 Invocations


You had 14 spell levels left.
You knew the following spells:

 Your Spells              Type           Power        Failure   Level  Hunger
b - Searing Ray           Conj           ###...       38%         2    ##.....

Your spell library contained the following spells:

 Spells                   Type           Power        Failure   Level  Hunger
 Magic Dart               Conj           ###.         26%         1    None
 Bolt of Magma            Conj/Fire/Erth #.........   100%        5    ######.
 Confuse                  Hex            #.......     99%         3    ###....
 Mephitic Cloud           Conj/Pois/Air  #.......     94%         3    ###....
 Venom Bolt               Conj/Pois      ##........   100%        5    ######.
 Olgreb's Toxic Radiance  Pois           #.......     100%        4    ####...
 Iskenderun's Mystic Bla  Conj           ###.....     95%         4    ####...
 Sting                    Conj/Pois      ##..         52%         1    None
 Tukima's Dance           Hex            #.......     99%         3    ###....
 Iron Shot                Conj/Erth      ##........   100%        6    #######
 Confusing Touch          Hex            #.....       80%         1    None
 Ensorcelled Hibernation  Hex/Ice        #.....       91%         2    ##.....
 Metabolic Englaciation   Hex/Ice        #.........   100%        5    ######.
 Corona                   Hex            #......      80%         1    None
 Petrify                  Tmut/Erth      #.......     100%        4    ####...
 Orb of Destruction       Conj           ###.......   100%        7    #######
 Iskenderun's Battlesphe  Conj/Chrm      ##......     100%        5    ######.
 Fulminant Prism          Conj/Hex       ##........   99%         4    ####...
 Dazzling Spray           Conj/Hex       ##....       88%         3    ###....
 Force Lance              Conj/Tloc      ##......     99%         4    ####...
 Spellforged Servitor     Conj/Summ      ##........   100%        7    #######
 Gell's Gravitas          Tloc           #.........   99%         3    ###....
 Yara's Violent Unravell  Hex/Tmut       #.........   100%        5    ######.
 Poisonous Vapours        Pois/Air       #.....       91%         2    ##.....


Dungeon Overview and Level Annotations

Branches:
Dungeon (10/15)            Temple (1/1) D:5            Lair (4/6) D:10
  Swamp (0/4) Lair:4        Snake (0/4) Lair:3
    Orc: D:9-12

Altars:
Ashenzari
Cheibriados
Dithmenos
Elyvilon
Fedhas
Gozag
Hepliaklqana
Kikubaaqudgha
Makhleb
Nemelex Xobeh
Okawaru
Qazlal
Ru
Sif Muna
Trog
Uskayaw
Vehumet
Wu Jian
Xom
Yredelemnul
Zin
The Shining One

Annotations:
D:3 2 transporters
D:9 exclusion: ice statue
Lair:2 3 runed doors, Reubyar's ghost, journeyman MiBe
Lair:4 exclusion: oklob plant


Innate Abilities, Weirdness & Mutations

You have a pair of small antennae on your head.
You are mostly covered in icy blue scales. (AC +3)
A demonic guardian rushes to your aid.
You are slightly more attuned to the shadows.
You are agile. (Dex +2)
You are frail. (-10% HP)
Your muscles are strong. (Str +2)


Message History

* * * LOW HITPOINT WARNING * * *
Okay, then.
Unknown command.
Press: ? - help, v - describe, . - travel
Here: a shambling mangrove (moderately damaged, slow)
The floor, spattered with blood.
Unknown command.
You fade into invisibility!
You are very lightly contaminated with residual magic.
You strike the helpless shambling mangrove from behind!
You slash the shambling mangrove!
The shambling mangrove is heavily damaged.
The shambling mangrove is no longer moving slowly.
The shambling mangrove hits you but does no damage.
You catch the helpless shambling mangrove completely off-guard!
You slash the shambling mangrove!
The shambling mangrove is heavily damaged.
Angry insects surge out from beneath the shambling mangrove's foliage!
The shambling mangrove hits you!!
You die...

*#### ******* **...# *,,,,,*
*,...#####**,,,,,*
*##......,,,,,,,,*
*..y...,,,,,,,,,*
###..#####,,,,,,**
#@f..#($f#,,,,,,**
####y#P:?#.......*
#)..#...#.[...P.*
##...#.P.#.....P#,
#####..............P.<
###....................,
*##......................,
**........................,
**,...............)........,


You could see a shambling mangrove and 2 hornets.

Vanquished Creatures
  A minotaur (Lab)
  2 hydras
  2 two-headed ogres
  A death yak (D:9)
  An unseen horror (D:9)
  Pikel (D:5)
  2 ugly things (IceCv)
  Joseph (D:9)
  3 black mambas
  An elephant (Lair:3)
  2 ice statues (IceCv)
  4 spiny frogs
  3 rime drakes
  2 komodo dragons
  3 polar bears (D:9)
  4 trolls
  Grinder (D:5)
  Prince Ribbit (D:7)
  4 hippogriffs
  3 dream sheep (Lair:3)
  A wyvern (Lair:1)
  3 hogs (D:7)
  21 yaks
  A wraith (D:10)
  Eustachio (D:5)
  5 hungry ghosts (Lab)
  A human (D:7)
  Menkaure (D:5)
  A soldier ant (shapeshifter) (D:9)
  6 water moccasins
  Duvessa (D:6)
  5 porcupines
  A slave (D:5)
  3 orc warriors
  An eye of draining (D:10)
  10 ice beasts
  A black bear (Lair:4)
  2 phantoms
  7 sky beasts
  4 ogres
  A necrophage (D:10)
  5 centaurs
  13 wolves
  2 crocodiles
  A big kobold (D:9)
  Blork the orc (D:6)
  13 bullfrogs
  An earth elemental (Lab)
  Dowan (D:6)
  A scorpion (D:8)
  12 killer bees
  6 electric eels
  3 howler monkeys (D:9)
  A bullfrog zombie (D:6)
  5 crimson imps
  6 jellies
  A gnoll shaman (D:9)
  Crazy Yiuf (D:4)
  4 bullfrog skeletons
  11 hounds
  9 orc wizards
  5 orc priests
  A centaur skeleton (D:4)
  Jessica (D:2)
  2 iguanas
  6 worker ants
  A bullfrog simulacrum (D:9)
  2 hound skeletons
  A worker ant zombie (D:8)
  Robin (D:3)
  13 gnolls
  12 adders
  5 shadow imps
  A white imp (D:9)
  A worker ant simulacrum (D:9)
  4 ufetubi (D:9)
  An ooze (D:4)
  An adder zombie (D:6)
  An adder skeleton (D:8)
  3 worms
  2 dart slugs (D:2)
  2 adder simulacra (D:9)
  5 leopard geckos
  13 orcs
  A ball python (D:5)
  6 bats
  7 giant cockroaches
  19 goblins
  7 hobgoblins
  14 jackals
  16 kobolds
  6 quokkas
  4 frilled lizards
  A giant cockroach zombie (D:6)
  2 rats (D:3)
  2 fungi (Lair:3)
  A plant (Lair:4)
386 creatures vanquished.

Vanquished Creatures (collateral kills)
  A two-headed ogre (D:7)
  2 elephants (Lair:3)
  A rime drake (Lair:4)
  A troll (D:8)
  A dream sheep (Lair:3)
  A hippogriff (Lair:2)
  2 yaks
  A hog (D:7)
  A basilisk (Lair:1)
  A porcupine (Lair:2)
  3 ice beasts
  A big kobold (D:10)
  2 bullfrogs
  A howler monkey (D:9)
  A gnoll shaman (D:9)
  2 orc priests (D:7)
  3 orc wizards (D:7)
  A shadow imp (D:9)
  A white imp (D:9)
  An ufetubus (D:9)
  2 orcs (D:7)
  2 kobolds (D:10)
32 creatures vanquished.

Vanquished Creatures (others)
  Psyche (D:9)
  A bush (Lair:4)
  4 fungi (Lair:3)
  7 plants
13 creatures vanquished.

Grand Total: 431 creatures vanquished

Notes
Turn   | Place    | Note
-------+----------+-------------------------------------------
     0 | D:1      | jeremie the Demonspawn Conjurer began the quest for the Orb.
     0 | D:1      | Reached XP level 1. HP: 13/13 MP: 3/3
   218 | D:1      | Reached skill level 1 in Fighting
   379 | D:1      | Gained mutation: You are partially covered in icy blue scales. (AC +2) [demonic ancestry]
   379 | D:1      | Reached XP level 2. HP: 21/21 MP: 1/5
   692 | D:1      | Learned a level 2 spell: Searing Ray
  1190 | D:1      | Reached XP level 3. HP: 25/27 MP: 0/6
  1556 | D:2      | Noticed Jessica
  1564 | D:2      | Killed Jessica
  1589 | D:2      | Reached XP level 4. HP: 15/34 MP: 1/7
  2045 | D:2      | Found a white marble altar of Elyvilon.
  2509 | D:3      | Gained mutation: Your body sometimes deteriorates upon taking damage. [potion of mutation]
  2509 | D:3      | Gained mutation: You are robust. (+10% HP) [potion of mutation]
  2509 | D:3      | Gained mutation: Your flesh is heat resistant. (rF+) [potion of mutation]
  2510 | D:3      | Lost mutation: Your body sometimes deteriorates upon taking damage. [potion of mutation]
  2510 | D:3      | Lost mutation: You are robust. (+10% HP) [potion of mutation]
  2510 | D:3      | Lost mutation: Your flesh is heat resistant. (rF+) [potion of mutation]
  2510 | D:3      | Gained mutation: You are frail. (-10% HP) [potion of mutation]
  2510 | D:3      | Gained mutation: Your muscles are strong. (Str +2) [potion of mutation]
  2510 | D:3      | Gained mutation: You are agile. (Dex +2) [potion of mutation]
  2733 | D:3      | Found a shattered altar of Ashenzari.
  2798 | D:3      | Gained mutation: You have a pair of small antennae on your head. [demonic ancestry]
  2798 | D:3      | Reached XP level 5. HP: 35/37 MP: 5/8
  2877 | D:3      | Found a transporter.
  2903 | D:3      | Found a transporter.
  2953 | D:3      | Noticed Robin
  2981 | D:3      | Killed Robin
  3608 | D:4      | Found an iron altar of Okawaru.
  3635 | D:4      | Found a runed door.
  3639 | D:4      | Noticed Crazy Yiuf
  3655 | D:4      | Killed Crazy Yiuf
  3666 | D:4      | Got a crystal mace
  3667 | D:4      | Identified the cursed +1 mace "Tyjouth" {flame, Fragile Str+6} (You found it on level 4 of the Dungeon)
  3856 | D:4      | Reached XP level 6. HP: 21/44 MP: 9/9
  4169 | D:4      | Reached skill level 5 in Fighting
  4557 | D:5      | Entered Level 5 of the Dungeon
  4687 | D:5      | Found a staircase to the Ecumenical Temple.
  4700 | Temple   | Entered the Ecumenical Temple
  5033 | Temple   | Became a worshipper of Cheibriados the Contemplative
  5283 | D:5      | Reached skill level 1 in Invocations
  5476 | D:5      | Noticed an ice beast
  5492 | D:5      | Killed an ice beast
  5492 | D:5      | Gained mutation: You are mostly covered in icy blue scales. (AC +3) [demonic ancestry]
  5492 | D:5      | Reached XP level 7. HP: 33/51 MP: 10/10
  5814 | D:5      | Noticed Eustachio
  5832 | D:5      | Killed Eustachio
  5922 | D:5      | Noticed Menkaure
  5944 | D:5      | Killed Menkaure
  6494 | D:5      | Noticed Grinder
  6530 | D:5      | Killed Grinder
  6530 | D:5      | Reached skill level 5 in Dodging
  6530 | D:5      | Reached XP level 8. HP: 32/60 MP: 11/11
  6699 | D:5      | Found a basalt altar of Yredelemnul.
  6747 | D:5      | Reached * piety under Cheibriados
  7209 | D:6      | Noticed Duvessa
  7212 | D:6      | Noticed Dowan
  7227 | D:6      | Killed Duvessa
  7231 | D:6      | Killed Dowan
  7325 | D:6      | Noticed Blork the orc
  7338 | D:6      | Killed Blork the orc
  7813 | D:6      | Noticed Pikel
  7837 | D:5      | Killed Pikel
  7837 | D:5      | Reached ** piety under Cheibriados
  7837 | D:5      | Gained mutation: A weak demonic guardian rushes to your aid. [demonic ancestry]
  7837 | D:5      | Reached XP level 9. HP: 28/64 MP: 12/12
  8569 | D:7      | Reached skill level 1 in Axes
  8768 | D:7      | Reached skill level 2 in Axes
  8768 | D:7      | Reached skill level 1 in Armour
  9154 | D:7      | Reached *** piety under Cheibriados
  9459 | D:7      | Reached skill level 3 in Axes
  9615 | D:8      | Noticed a two-headed ogre
  9617 | D:8      | Noticed Prince Ribbit
  9626 | D:7      | Killed a two-headed ogre
  9626 | D:7      | Reached skill level 4 in Axes
  9626 | D:7      | Gained mutation: A demonic guardian rushes to your aid. [demonic ancestry]
  9626 | D:7      | Reached XP level 10. HP: 38/71 MP: 13/13
  9856 | D:7      | Killed Prince Ribbit
  9972 | D:8      | Reached skill level 5 in Axes
 10035 | D:8      | Reached **** piety under Cheibriados
 10074 | D:8      | Reached skill level 5 in Armour
 10463 | D:8      | Noticed a two-headed ogre
 10472 | D:8      | Killed a two-headed ogre
 10490 | D:8      | Reached skill level 6 in Axes
 10997 | D:8      | Noticed Psyche
 11011 | D:9      | Killed Psyche
 11029 | D:9      | Reached skill level 7 in Axes
 11459 | D:9      | Noticed Joseph
 11465 | D:9      | Gained mutation: You are slightly more attuned to the shadows. [demonic ancestry]
 11465 | D:9      | Reached XP level 11. HP: 75/75 MP: 8/14
 11475 | D:9      | Reached skill level 5 in Invocations
 11485 | D:9      | Killed Joseph
 11706 | D:9      | Found a hide-covered altar of Uskayaw.
 11962 | D:9      | Got a coiled granite ring
 11970 | D:9      | Identified the ring "Joivan" {Wiz rC+ Int+3} (You found it on level 9 of the Dungeon)
 12103 | D:9      | Noticed a death yak
 12104 | D:9      | Noticed a two-headed ogre
 12108 | D:9      | Reached ***** piety under Cheibriados
 12113 | D:9      | Killed a two-headed ogre
 12116 | D:9      | Killed a death yak
 12208 | D:9      | Found a burning altar of Makhleb.
 12209 | D:9      | Found an opulent altar of Gozag.
 12218 | D:9      | Found a sparkling altar of Nemelex Xobeh.
 12252 | D:9      | Killed an unseen horror
 12445 | D:9      | Reached skill level 8 in Axes
 13803 | D:10     | Entered Level 10 of the Dungeon
 14452 | D:10     | Found a staircase to the Lair.
 14588 | D:10     | Reached skill level 9 in Axes
 15467 | Lair:1   | Entered Level 1 of the Lair of Beasts
 15523 | Lair:1   | Reached XP level 12. HP: 72/81 MP: 18/18
 15589 | Lair:1   | Noticed a six-headed hydra
 15593 | Lair:1   | Killed a six-headed hydra
 17186 | Lair:2   | Found a runed gate.
 17189 | Lair:2   | Noticed Reubyar's ghost (journeyman MiBe)
 17189 | Lair:2   | Noticed a nine-headed hydra
 17189 | Lair:2   | Noticed a 13-headed hydra
 17190 | Lair:2   | Found a runed gate.
 17190 | Lair:2   | Found a runed gate.
 18134 | Lair:3   | Found a staircase to the Snake Pit.
 18152 | Lair:3   | Reached skill level 10 in Axes
 18249 | Lair:3   | Found a frozen archway.
 18262 | IceCv    | Entered an ice cave
 18279 | IceCv    | Found a transporter.
 18300 | IceCv    | Found a transporter.
 18728 | Lair:3   | Found a sacrificial altar of Ru.
 18796 | Lair:3   | Reached skill level 10 in Invocations
 20346 | Lair:4   | Found a labyrinth entrance.
 20375 | Lab      | Entered a labyrinth
 20909 | Lab      | Noticed a minotaur
 20915 | Lab      | Reached skill level 11 in Axes
 20922 | Lab      | Killed a minotaur
 20926 | Lab      | Reached XP level 13. HP: 48/86 MP: 11/20
 21993 | Lair:4   | Mangled by a shambling mangrove

Vault maps used:
D:1:      lemuel_arrival_lava_pool
D:2:      elyvilon_altar_5, minmay_pentomino_z2, uniq_jessica
D:3:      gammafunk_steamed_eel, cheibrodos_ashenzari_chains, uniq_robin
D:4:      first_ration, minmay_misc_feat_roman, lemuel_statue_altar,
          uniq_crazy_yiuf_cottage
D:5:      lemuel_doored_altar, minmay_temple_entry_statues, grunt_ministairs_1,
          uniq_menkaure, uniq_eustachio, uniq_grinder
D:6:      minivault_4, uniq_duvessa, uniq_pikel, uniq_blork_the_orc
D:7:      grunt_livestock, patterned_corridor
D:8:      cheibrodos_ideogram_h, kennysheep_pointless_box, uniq_psyche,
          uniq_prince_ribbit1
D:9:      minmay_statue_hallways, chequers_temple_overflow_statue_of_worship,
          serial_ice, serial_ice_c, serial_ice_o, serial_ice_n, serial_ice_m,
          serial_ice_a, serial_ice_k, roderic_roman_lattice,
          hangedman_feature_mirror, uniq_joseph
D:10:     erik_lair_island, roderic_lattice_a
Temple:   dpeg_five_rooms_temple
Lair:1:   st_stairs_3, serial_bayou_shore_b, lemuel_fruit_tree,
          serial_bayou_shore_b
Lair:2:   gammafunk_ghost_hydra_chop, beast_lair_carwin_6
Lair:3:   dummy_snake_entry, basic_altar, portal_ice_cave_rime
Lair:4:   minmay_swamp_entry_eels, lab_entry_generic, grunt_megastairs_1,
          minmay_lair_oklob_chamber
Lab:      nicolae_lab_lava, nicolae_lab_diamond, nicolae_lab_very_dead_end,
          nicolae_lab_flowing_pool, nicolae_lab_arrow
IceCv:    ice_cave_statue_garden_transporter

Skill      XL: |  1  2  3  4  5  6  7  8  9 10 11 12 |
---------------+-------------------------------------+-----
Fighting       | 1 2 3 4 5 7 |  7.4
Dodging        | 2 3 4 5 7 8 9 |  9.4
Invocations    | 2 4 8 10 | 10.0
Stealth        | 4 |  4.7
Axes           | 4 7 9 11 | 11.7
Armour         | 4 7 8 9 |  9.6
Spellcasting   | |  2.0
Conjurations   | |  4.0

Action                   |  1- 3 |  4- 6 |  7- 9 | 10-12 | 13-15 || total
-------------------------+-------+-------+-------+-------+-------++-------
Melee: Club              |    81 |       |       |       |       ||    81
       Unarmed           |     4 |       |       |       |       ||     4
       Dagger            |       |   161 |    36 |       |       ||   197
       Mace              |       |    16 |       |       |       ||    16
       Quarterstaff      |       |    31 |       |       |       ||    31
       Long sword        |       |    16 |    52 |       |       ||    68
       Short sword       |       |       |    70 |   169 |       ||   239
       Whip              |       |       |   146 |   553 |     3 ||   702
       Battleaxe         |       |       |       |   222 |    72 ||   294
 Cast: Magic Dart        |    64 |     2 |     6 |       |       ||    72
       Searing Ray       |     2 |    11 |     4 |     1 |       ||    18
Invok: Bend Time         |       |       |     2 |     5 |     2 ||     9
       Slouch            |       |       |       |    16 |       ||    16
Evoke: Wand              |       |       |     6 |     4 |     9 ||    19
       Fan of gales      |       |       |       |       |     1 ||     1
  Use: Scroll            |     1 |     6 |     5 |     9 |       ||    21
       Potion            |       |     2 |     1 |     1 |     1 ||     5
 Stab: Sleeping          |       |     4 |     1 |       |       ||     5
       Distracted        |       |       |       |     4 |     1 ||     5
       Invisible         |       |       |       |       |     2 ||     2
  Eat: Chunk             |     3 |    10 |     7 |    16 |     2 ||    38
       Ration            |       |     1 |     1 |     5 |     1 ||     8
Armor: Robe              |    44 |     7 |       |       |       ||    51
       Ring mail         |       |    17 |       |       |       ||    17
       Leather armour    |       |    48 |    62 |       |       ||   110
       Plate armour      |       |       |    53 |   645 |    53 ||   751
Dodge: Dodged            |    86 |   166 |   231 |   657 |    32 ||  1172
       Rpst.: Long sword |       |     3 |    22 |       |       ||    25

Table legend:
 A = Spawn XP
 B = Non-spawn XP
 C = Spawn XP percentage of total XP
 D = Spawn monster count
 E = Non-spawn monster count
 F = Spawn count percentage of total count
 G = Total turns spent on level
                    A         B        C        D         E        F      G
               +---------+---------+-------+---------+---------+-------+---------
         Total |       0 |   41468 |   0.0 |       0 |     415 |   0.0 | 21993
               +---------+---------+-------+---------+---------+-------+---------
           D:1 |       0 |      48 |   0.0 |       0 |      27 |   0.0 |  1448
           D:2 |       0 |      87 |   0.0 |       0 |      19 |   0.0 |  1033
           D:3 |       0 |     126 |   0.0 |       0 |      26 |   0.0 |   809
           D:4 |       0 |     228 |   0.0 |       0 |      14 |   0.0 |  1267
           D:5 |       0 |    1870 |   0.0 |       0 |      19 |   0.0 |  2351
           D:6 |       0 |    1171 |   0.0 |       0 |      23 |   0.0 |  1158
           D:7 |       0 |    2871 |   0.0 |       0 |      34 |   0.0 |  1496
           D:8 |       0 |    3211 |   0.0 |       0 |      51 |   0.0 |  1501
           D:9 |       0 |    7650 |   0.0 |       0 |      75 |   0.0 |  2350
          D:10 |       0 |    3951 |   0.0 |       0 |      41 |   0.0 |  1664
        Lair:1 |       0 |    3470 |   0.0 |       0 |      15 |   0.0 |  1470
        Lair:2 |       0 |    2435 |   0.0 |       0 |      15 |   0.0 |  1197
        Lair:3 |       0 |    6293 |   0.0 |       0 |      24 |   0.0 |  1820
        Lair:4 |       0 |    3349 |   0.0 |       0 |      15 |   0.0 |  1045
           Lab |       0 |    2303 |   0.0 |       0 |       7 |   0.0 |   618
         IceCv |       0 |    2405 |   0.0 |       0 |      10 |   0.0 |   376
               +---------+---------+-------+---------+---------+-------+---------
